 Dungeon Crawl Stone Soup version 0.27.1-33-g824d729ab1 (webtiles) character file.

Game seed: 8405567679569885947

217 Atelerd the Sneak (level 5, -5/31 HPs)
             Began as an Octopode Earth Elementalist on Dec 22, 2021.
             Killed from afar by Maggie (22 damage)
             ... with a bolt of fire
             ... on level 6 of the Dungeon.
             The game lasted 00:02:44 (3024 turns).

Atelerd the Sneak (Octopode Earth Elementalist)     Turns: 3024, Time: 00:02:46

Health: -5/31      AC:  1    Str:  8    XL:     5   Next: 94%
Magic:  8/10       EV: 13    Int: 18    God:
Gold:   91         SH:  0    Dex: 12    Spells: 2/10 levels left

rFire    . . .     SeeInvis .   e - +0 dagger
rCold    . . .     Faith    .   (no shield)
rNeg     . . .     Spirit   .   (helmet restricted)
rPois    .         Reflect  .   (no amulet)
rElec    .         Harm     .   (no ring)
rCorr    .         Rampage  .   (no ring)
Will     .....                  (no ring)
Stlth    ++++......             (no ring)
HPRegen  0.10/turn              (no ring)
MPRegen  0.12/turn              (no ring)
                                (no ring)
                                (no ring)

@: no status effects
A: almost no armour, amphibious, 8 rings, camouflage 1, gelatinous body 1,
(nimble swimmer 1), tentacles
a: no special abilities


You were on level 6 of the Dungeon.
You visited 1 branch of the dungeon, and saw 4 of its levels.

You collected 91 gold pieces.

Inventory:

Hand Weapons
 e - a +0 dagger (weapon)
Scrolls
 c - 5 scrolls of identify {unknown}
 d - a scroll of teleportation {unknown}
 f - 2 scrolls of noise {unknown}
 g - a scroll of blinking {unknown}
Potions
 a - 2 potions of curing
 b - a potion of brilliance {unknown}


   Skills:
 - Level 2.0 Dodging
 - Level 5.0 Stealth
 + Level 3.4 Spellcasting
 - Level 2.0 Transmutations
 + Level 4.3 Earth Magic


You had 2 spell levels left.
You knew the following spells:

 Your Spells              Type           Power      Damage    Failure   Level
a - Sandblast             Erth           36%        2d10      2%          1
b - Stone Arrow           Conj/Erth      20%        3d8       19%         3
p - Petrify               Tmut/Erth      14%        N/A       38%         4

Your spell library contained the following spells:

 Spells                   Type           Power      Damage    Failure   Level
 Passwall                 Tmut/Erth      11%        N/A       6%          2


Dungeon Overview and Level Annotations

Branches:
Dungeon (3/15)

Altars:
Fedhas
Gozag
Ru

Annotations:
D:3 3 runed translucent doors, Descartes's ghost, weakling FeWr
D:6 Maggie


Innate Abilities, Weirdness & Mutations

You cannot wear most types of armour.
You are amphibious.
You can wear up to eight rings at the same time.
Your skin changes colour to match your surroundings (Stealth+).
Your rubbery body absorbs attacks. (AC +1, EV +1)
((You are camouflaged near water. (Stealth+)))
You have tentacles for arms and can constrict up to eight enemies at once.


Message History

The helpless Maggie fails to defend herself.
You puncture Maggie!
Maggie is moderately wounded.
You constrict Maggie.
The helpless Maggie fails to defend herself.
You puncture Maggie! You squeeze Maggie, but do no damage.
Maggie is moderately wounded.
You constrict Maggie, but do no damage.
The helpless Maggie fails to defend herself.
You puncture Maggie!
Maggie is heavily wounded.
You constrict Maggie, but do no damage.
The helpless Maggie fails to defend herself.
You puncture Maggie!
Maggie is heavily wounded.
You constrict Maggie.
The helpless Maggie fails to defend herself.
You puncture Maggie!
Maggie is severely wounded.
You constrict Maggie.
The helpless Maggie fails to defend herself.
You puncture Maggie!
Maggie is severely wounded.
You constrict Maggie.
The helpless Maggie fails to defend herself.
You puncture Maggie!
Maggie is severely wounded.
You constrict Maggie.
The helpless Maggie fails to defend herself.
You puncture Maggie! You squeeze Maggie, but do no damage.
Maggie is almost dead.
You constrict Maggie.
The helpless Maggie fails to defend herself.
You puncture Maggie!
Maggie is almost dead.
You constrict Maggie.
Maggie is no longer petrified.
Maggie points at you and mumbles some strange words.
The bolt of fire hits you!!
Ouch! That really hurt!
You die...

...........#
..........#
..........#
..........# .........#
.......##
#############......#
..#.........'......#
..#.........#...@@.#
..'.........#......#
..##........#......#
####........#......#
#........#......######
#........##+###......#
#...###'###...'......#
#...##...##...#......#
#....)........#......#


You could see Maggie.

Vanquished Creatures
  Sigmund (D:2)
  2 adders
  A ball python (D:2)
  2 bats (D:1)
  2 endoplasms (D:1)
  A giant cockroach (D:1)
  8 goblins
  A hobgoblin (D:2)
  4 jackals (D:1)
  4 kobolds (D:1)
  4 quokkas
  5 frilled lizards
  5 rats
40 creatures vanquished.

Notes
Turn   | Place    | Note
-------+----------+-------------------------------------------
     0 | D:1      | Atelerd the Octopode Earth Elementalist began the quest for
                  | the Orb.
     0 | D:1      | Reached XP level 1. HP: 11/11 MP: 3/3
     2 | D:1      | Noticed a spriggan
     2 | D:1      | Noticed a troll
     4 | D:1      | Noticed a dwarf
     4 | D:1      | Noticed a palentonga
     6 | D:1      | Noticed a human
     6 | D:1      | Noticed a tengu
     8 | D:1      | Noticed an elf
    10 | D:1      | Noticed a ghoul
    12 | D:1      | Noticed a vampire
    12 | D:1      | Noticed a draconian
    14 | D:1      | Noticed a merfolk
    14 | D:1      | Noticed a formicid
    16 | D:1      | Noticed a demigod
    16 | D:1      | Noticed an ogre
    18 | D:1      | Noticed a felid
    18 | D:1      | Noticed a gargoyle
    20 | D:1      | Noticed a naga
    20 | D:1      | Noticed an octopode
    22 | D:1      | Noticed a minotaur
    24 | D:1      | Noticed a demonspawn
    24 | D:1      | Noticed a vine stalker
    26 | D:1      | Noticed a barachi
    26 | D:1      | Noticed a djinni
   340 | D:1      | Reached skill level 3 in Stealth
   340 | D:1      | Reached XP level 2. HP: 17/17 MP: 3/5
   982 | D:1      | Reached XP level 3. HP: 21/21 MP: 3/6
  1407 | D:1      | Found a faded altar of an unknown god.
  1871 | D:2      | Noticed Sigmund
  1905 | D:2      | Killed Sigmund
  1906 | D:2      | Reached skill level 4 in Stealth
  1906 | D:2      | Reached XP level 4. HP: 11/27 MP: 6/8
  1906 | D:2      | Reached XP level 5. HP: 13/31 MP: 6/9
  2128 | D:2      | Learned a level 3 spell: Stone Arrow
  2134 | D:2      | Reached skill level 5 in Stealth
  2785 | D:3      | Found a runed translucent gate.
  2853 | D:3      | Found a runed translucent gate.
  2854 | D:3      | Found a runed translucent gate.
  2855 | D:3      | Found an opulent altar of Gozag.
  2857 | D:3      | Noticed Descartes's ghost (weakling FeWr)
  2866 | D:3      | Found a blossoming altar of Fedhas.
  2867 | D:3      | Found a sacrificial altar of Ru.
  2869 | D:3      | You fall into a shaft and drop 3 floors!
  2874 | D:6      | Noticed Maggie
  2986 | D:6      | Learned a level 4 spell: Petrify
  3024 | D:6      | Killed from afar by Maggie

Illustrated notes

Levels and vault maps discovered:
D:1:      kb_arrival_jail, layout_loops_corners,
          dreamdust_ecumenical_altar_angels_and_demons
D:2:      layout_rooms, serial_corexii_hall, corexii_hall_statues_x,
          corexii_hall_statues_t, corexii_hall_statues_x,
          corexii_hall_statues_i, minivault_5, grunt_ministairs_7, uniq_sigmund
D:3:      layout_basic, mainiacjoe_overflow_divided_tiny, ebering_ghost_gozag,
          serial_shops, shop
D:6:      layout_gridville, nicolae_wu_jian_wuxing_cycle, jmf_multi_god_temple,
          serial_shops, nicolae_stop_n_shop_1, uniq_maggie,
          uniq_crazy_yiuf_cottage

Skill      XL: |  1  2  3  4  5 |
---------------+----------------+-----
Stealth        | 3 4 5 |  5.0
Spellcasting   | 3 |  3.4
Transmutations | 2 |  2.0
Earth Magic    | 4 |  4.3
Dodging        | |  2.0

Action                   |  1- 3 |  4- 6 || total
-------------------------+-------+-------++-------
Melee: Unarmed           |    17 |       ||    17
       Constrict         |     8 |     4 ||    12
       Dagger            |    25 |    27 ||    52
       Tentacles         |     5 |     4 ||     9
 Cast: Sandblast         |    35 |       ||    35
       Stone Arrow       |       |     1 ||     1
       Petrify           |       |     1 ||     1
  Use: Potion            |     1 |       ||     1
 Stab: Petrified         |       |    12 ||    12
       Sleeping          |       |     4 ||     4
Armor: Skin              |     6 |       ||     6
Dodge: Dodged            |    40 |     8 ||    48
